 Dungeon Crawl Stone Soup version 0.24-a0-244-ga6a6ab7 (webtiles) character file.

Game seed: 17200995047402713488

1785 Omadas the Thaumaturge (level 9, -7/65 HPs)
             Began as a Gnoll Wizard on Apr 10, 2019.
             Was a Believer of Nemelex Xobeh.
             Mangled by an orc warrior
             ... wielding a cursed -2 glaive
              (22 damage)
             ... on level 7 of the Dungeon.
             The game lasted 01:23:48 (5833 turns).

Omadas the Thaumaturge (Gnoll Wizard)               Turns: 5833, Time: 01:23:49

Health: -7/65      AC:  7    Str: 16    XL:     9   Next: 8%
Magic:  3/21       EV: 15    Int: 23    God:    Nemelex Xobeh [**....]
Gold:   462        SH:  0    Dex: 15    Spells: 13/24 levels left

rFire    + . .     SeeInvis .   m - +2 short sword (protect)
rCold    + . .     Gourm    .   (no shield)
rNeg     . . .     Faith    .   l - +0 leather armour
rPois    .         Spirit   .   p - +2 helmet
rElec    .         Reflect  .   C - scarf {cloud immunity}
rCorr    .         Harm     .   (no gloves)
MR       .....     Rnd*Rage +   q - +0 pair of boots
Stlth    +++.......             (no amulet)
HPRegen  0.00/turn              u - ring of protection from cold
MPRegen  0.17/turn              w - ring of protection from fire

@: mighty, berserk cooldown, very slightly contaminated, slowed, very slow
A: distributed training, fangs 1, talons 1, berserk 1, inhibited regeneration,
strong 1, strong nose
a: Draw Escape, Draw Destruction, Draw Summoning, Renounce Religion


You were on level 7 of the Dungeon.
You worshipped Nemelex Xobeh.
Nemelex Xobeh was pleased with you.
You were not hungry.

You visited 1 branch of the dungeon, and saw 8 of its levels.

You collected 462 gold pieces.

Inventory:

Hand Weapons
 h - a +0 dagger of draining
 i - a +2 falchion of slicing
 m - a +2 short sword of protection (weapon)
 r - a +1 whip of electrocution
 s - a +1 dagger of protection
 x - a +0 blowgun
 F - a +0 hunting sling
 L - a +2 trident of freezing
Missiles
 f - 179 arrows
 g - 66 bolts
 j - 42 poisoned needles
 D - 4 tomahawks (quivered)
 Q - 2 steel javelins
 S - 18 sling bullets
 V - a throwing net
Armour
 a - a +0 robe
 b - a +0 hat
 k - a +0 ring mail
 l - a +0 leather armour (worn)
 p - a +2 helmet (worn)
 q - a +0 pair of boots (worn)
 v - a +0 cloak
 y - a +0 large shield
 C - a scarf of cloud immunity (worn)
Jewellery
 u - a ring of protection from cold (left hand)
 w - a ring of protection from fire (right hand)
 I - an uncursed ring of ice
Wands
 c - a wand of flame (19)
 A - a wand of polymorph (7)
 G - a wand of random effects (15)
 K - a wand of scattershot (8)
 O - a wand of enslavement (11)
 R - a wand of digging (2)
Scrolls
 o - 4 scrolls of magic mapping
 t - a scroll of teleportation
 B - 3 scrolls of fear
 E - a scroll of amnesia
 H - 2 scrolls of immolation
 N - a scroll of identify
Potions
 e - 2 potions of resistance
 z - 2 potions of curing
 J - a potion of flight
 W - a potion of agility
Comestibles
 d - 11 rations
 T - 10 chunks of flesh


   Skills:
 + Level 3.8 Fighting
 + Level 3.8 Short Blades
 + Level 3.8 Long Blades
 + Level 3.8 Axes
 + Level 3.8 Maces & Flails
 + Level 3.8 Polearms
 + Level 3.8 Staves
 + Level 3.8 Slings
 + Level 3.8 Bows
 + Level 3.8 Crossbows
 + Level 3.8 Throwing
 + Level 3.8 Armour
 + Level 6.0 Dodging
 + Level 5.7 Stealth
 + Level 3.8 Shields
 + Level 3.8 Unarmed Combat
 + Level 8.2 Spellcasting
 + Level 3.8 Conjurations
 + Level 3.1 Hexes
 + Level 3.1 Charms
 + Level 3.8 Summonings
 + Level 3.1 Necromancy
 + Level 3.8 Translocations
 + Level 3.1 Transmutations
 + Level 3.1 Fire Magic
 + Level 3.1 Ice Magic
 + Level 3.1 Air Magic
 + Level 3.1 Earth Magic
 + Level 3.1 Poison Magic
 + Level 4.2 Invocations
 + Level 3.8 Evocations


You had 13 spell levels left.
You knew the following spells:

 Your Spells              Type           Power        Failure   Level  Hunger
a - Magic Dart            Conj           ####         1%          1    None
b - Call Imp              Summ           ####....     2%          2    None
c - Blink                 Tloc           N/A          2%          2    None
d - Mephitic Cloud        Conj/Pois/Air  ###.....     6%          3    None
e - Conjure Flame         Conj/Fire      ####....     6%          3    None

Your spell library contained the following spells:

 Spells                   Type           Power        Failure   Level  Hunger
 Slow                     Hex            ###.....     3%          2    None


Dungeon Overview and Level Annotations

Branches:
Dungeon (8/15)             Temple (0/1) D:6
   Lair: D:8-11

Altars:
Ashenzari
Dithmenos
Gozag
Nemelex Xobeh
Sif Muna
Trog

Shops:
D:2 *

Annotations:
D:7 2 transporters, daphnia's ghost, novice OgNe


Innate Abilities, Weirdness & Mutations

Your experience applies equally to all skills.
You have very sharp teeth.
Your uncanny sense of smell can sniff out nearby items.
You have sharp toenails.
You tend to lose your temper in combat.
You do not regenerate when monsters are visible.
Your muscles are strong. (Str +2)


Message History

Aim: an orc warrior, wielding a -2 glaive and wearing a +0 plate armour (almost dead)
You miscast Magic Dart.
You are very lightly contaminated with residual magic.
You smell something strange.
Your crimson imp hits the orc warrior but does no damage.
Your crimson imp blinks!
The orc warrior hits your crimson imp with a cursed -2 glaive!
Your crimson imp dies!
The orc warrior shouts!
Casting: Magic Dart (safe; 1% risk of failure)
Confirm with . or Enter, or press ? or * to list all spells.
Aiming: Magic Dart (safe; 1% risk of failure)
Press: ? - help, Shift-Dir - straight line, f/p - orc warrior
Aim: an orc warrior, wielding a -2 glaive and wearing a +0 plate armour (almost dead)
The magic dart hits the orc warrior but does no damage.
The orc warrior is almost dead.
Your crimson imp blinks!
The orc warrior hits you from afar with a cursed -2 glaive!!
You die...
Your body disappears without a glow.

... ..... .# #.. ....
#.# #..
...###....#####..... .
#............#...##. ..
#................. . ...
#....#...........# #
....#§..##........... ##
.......@#...........###.
..##..))#...............
#...o§....#....)...).
#............##......###
#............##...##.#
.....#.......###).##..#
...................#...#
.............#.#.#.#....
..<............###......


You could see an orc warrior.

Vanquished Creatures
  A hornet (D:7)
  2 orc warriors (D:6)
  A phantom (D:6)
  3 ice beasts
  2 scorpions
  A water moccasin skeleton (D:4)
  A howler monkey (D:8)
  A centaur zombie (D:7)
  A hound (D:7)
  A jelly (D:5)
  2 iguanas
  Natasha (D:3)
  3 gnolls (D:7)
  6 adders
  3 shadow imps
  2 oozes (D:1)
  2 adder zombies
  2 worms
  2 dart slugs
  2 leopard geckos
  6 orcs
  A ball python (D:2)
  7 bats
  5 giant cockroaches
  9 goblins
  5 hobgoblins
  3 jackals
  5 quokkas
  4 frilled lizards
  8 kobolds
  A leopard gecko skeleton (D:6)
  A quokka skeleton (D:4)
  7 rats
101 creatures vanquished.

Vanquished Creatures (collateral kills)
  Grinder (D:4)
  A hippogriff (D:6)
  An ice beast (D:5)
  A centaur (D:5)
  A bullfrog (D:6)
  A water moccasin zombie (D:5)
  A howler monkey (D:5)
  A crimson imp (D:5)
  A quasit (D:5)
  A jelly (D:7)
  An iguana (D:7)
  Terence (D:3)
  Natasha (D:3)
  Robin (D:2)
  An adder (D:7)
  A worm (D:2)
  4 dart slugs
  7 orcs
  A ball python (D:3)
  2 giant cockroaches
  6 goblins
  6 hobgoblins
  3 jackals (D:5)
  3 kobolds
  A quokka zombie (D:5)
  2 rats
51 creatures vanquished.

Vanquished Creatures (others)
  A gnoll (D:7)
1 creature vanquished.

Grand Total: 153 creatures vanquished

Notes
Turn   | Place    | Note
-------+----------+-------------------------------------------
     0 | D:1      | Omadas the Gnoll Wizard began the quest for the Orb.
     0 | D:1      | Reached XP level 1. HP: 13/13 MP: 8/8
   375 | D:1      | Reached XP level 2. HP: 15/20 MP: 10/10
   379 | D:1      | Learned a level 2 spell: Call Imp
   382 | D:1      | Learned a level 2 spell: Blink
   765 | D:1      | Reached XP level 3. HP: 25/25 MP: 9/11
   770 | D:1      | Learned a level 3 spell: Mephitic Cloud
   774 | D:1      | Learned a level 3 spell: Conjure Flame
  1213 | D:2      | Found an opulent altar of Gozag.
  1221 | D:2      | Found Gozag's Platinum Reserve.
  1258 | D:2      | Reached skill level 1 in Invocations
  1310 | D:2      | Reached skill level 1 in Fighting
  1310 | D:2      | Reached skill level 1 in Short Blades
  1310 | D:2      | Reached skill level 1 in Long Blades
  1310 | D:2      | Reached skill level 1 in Axes
  1310 | D:2      | Reached skill level 1 in Maces & Flails
  1310 | D:2      | Reached skill level 1 in Polearms
  1310 | D:2      | Reached skill level 1 in Staves
  1310 | D:2      | Reached skill level 1 in Slings
  1310 | D:2      | Reached skill level 1 in Bows
  1310 | D:2      | Reached skill level 1 in Crossbows
  1310 | D:2      | Reached skill level 1 in Throwing
  1310 | D:2      | Reached skill level 1 in Armour
  1310 | D:2      | Reached skill level 1 in Shields
  1310 | D:2      | Reached skill level 1 in Unarmed Combat
  1310 | D:2      | Reached skill level 1 in Evocations
  1413 | D:2      | Reached XP level 4. HP: 32/32 MP: 8/13
  1510 | D:2      | Noticed Robin
  1537 | D:2      | Killed Robin
  1625 | D:2      | Reached skill level 1 in Hexes
  1625 | D:2      | Reached skill level 1 in Charms
  1625 | D:2      | Reached skill level 1 in Necromancy
  1625 | D:2      | Reached skill level 1 in Transmutations
  1625 | D:2      | Reached skill level 1 in Fire Magic
  1625 | D:2      | Reached skill level 1 in Ice Magic
  1625 | D:2      | Reached skill level 1 in Air Magic
  1625 | D:2      | Reached skill level 1 in Earth Magic
  1625 | D:2      | Reached skill level 1 in Poison Magic
  1732 | D:2      | Found a sparkling altar of Nemelex Xobeh.
  1774 | D:2      | Became a worshipper of Nemelex Xobeh the Trickster
  2058 | D:3      | Received a gift from Nemelex Xobeh
  2075 | D:3      | Reached XP level 5. HP: 35/37 MP: 11/14
  2148 | D:3      | Noticed Terence
  2168 | D:3      | Killed Terence
  2534 | D:3      | Noticed Natasha
  2550 | D:3      | Killed Natasha
  2645 | D:3      | Gained mutation: You do not regenerate when monsters are
                  | visible. [potion of mutation]
  2645 | D:3      | Gained mutation: You tend to lose your temper in combat.
                  | [potion of mutation]
  2645 | D:3      | Gained mutation: You have sharp toenails. [potion of
                  | mutation]
  2645 | D:3      | Gained mutation: Your muscles are strong. (Str +2) [potion
                  | of mutation]
  2668 | D:3      | Noticed Natasha
  2681 | D:3      | Killed Natasha
  2901 | D:4      | Reached XP level 6. HP: 34/44 MP: 9/16
  2990 | D:4      | Noticed Grinder
  3008 | D:4      | Killed Grinder
  3008 | D:4      | Reached skill level 5 in Dodging
  3018 | D:4      | Found a shadowy altar of Dithmenos.
  3439 | D:5      | Entered Level 5 of the Dungeon
  3455 | D:5      | Reached * piety under Nemelex Xobeh
  3493 | D:5      | Noticed an ice beast
  3544 | D:5      | Killed an ice beast
  3544 | D:5      | Reached XP level 7. HP: 50/50 MP: 7/18
  3997 | D:5      | Reached skill level 5 in Stealth
  4149 | D:5      | Found a sparkling altar of Nemelex Xobeh.
  4191 | D:5      | Found a shattered altar of Ashenzari.
  4225 | D:5      | Reached XP level 8. HP: 57/57 MP: 7/19
  4525 | D:5      | Upgraded the game from 0.24-a0-243-g8f5f5cd to
                  | 0.24-a0-244-ga6a6ab7
  4680 | D:6      | Reached ** piety under Nemelex Xobeh
  4683 | D:6      | You fall through a shaft for 2 floors!
  4710 | D:7      | Found a bloodstained altar of Trog.
  4710 | D:7      | Noticed daphnia's ghost (novice OgNe)
  4710 | D:7      | Identified the +1 dire flail of Disarray {freeze, rElec
                  | Int+3}
  4768 | D:7      | Noticed a moth of wrath
  4791 | D:7      | Found a transporter.
  4793 | D:7      | Found a transporter.
  4819 | D:7      | Found a deep blue altar of Sif Muna.
  4933 | D:6      | Found a staircase to the Ecumenical Temple.
  5022 | D:6      | Noticed a hippogriff
  5034 | D:6      | Killed a hippogriff
  5400 | D:6      | Reached skill level 8 in Spellcasting
  5706 | D:7      | Received a gift from Nemelex Xobeh
  5778 | D:7      | Noticed a hornet
  5800 | D:7      | Identified the ring "Dyrchoth" {Ice +Blink rPois Str-3
                  | Int-2}
  5804 | D:7      | Killed a hornet
  5804 | D:7      | Reached XP level 9. HP: 65/65 MP: 5/21
  5833 | D:7      | Mangled by an orc warrior

Levels and vault maps discovered:
D:1:      noname_arrival_rooms_in_the_neighbourhood, layout_basic, minmay_tall_x
D:2:      layout_rooms, nicolae_gozag_zags_fifth_avenue,
          nicolae_overflow_crystal_walls, minmay_randomly_rotated_circles,
          uniq_robin
D:3:      layout_rooms, minmay_misc_feat_four_crosses, minmay_misc_feat_five,
          uniq_terence, uniq_natasha
D:4:      layout_loops_ring, nicolae_overflow_hidden_temple, first_ration,
          uniq_grinder
D:5:      layout_loops_ring, basic_altar, corexii_checkpoint_b,
          nemelex_spade_bored_becter
D:6:      layout_basic, minmay_temple_entry_drinking_statues
D:7:      layout_cave_pools, grunt_temple_overflow_open, lemuel_crystal_altar,
          overflow_temple_1_default, gammafunk_ghost_wrathful_warriors
D:8:      layout_rooms, fedhas_altar_decomposition,
          nicolae_ru_sacrificial_ziggurat, amethyst_overflow_temple_binary,
          gammafunk_ghost_mausoleum, uniq_joseph

Skill      XL: |  1  2  3  4  5  6  7  8 |
---------------+-------------------------+-----
Conjurations   | 2 3 |  3.8
Summonings     | 2 3 |  3.8
Translocations | 2 3 |  3.8
Invocations    | 1 2 3 4 |  4.2
Fighting       | 1 2 3 |  3.8
Short Blades   | 1 2 3 |  3.8
Long Blades    | 1 2 3 |  3.8
Axes           | 1 2 3 |  3.8
Maces & Flails | 1 2 3 |  3.8
Polearms       | 1 2 3 |  3.8
Staves         | 1 2 3 |  3.8
Slings         | 1 2 3 |  3.8
Bows           | 1 2 3 |  3.8
Crossbows      | 1 2 3 |  3.8
Throwing       | 1 2 3 |  3.8
Armour         | 1 2 3 |  3.8
Shields        | 1 2 3 |  3.8
Unarmed Combat | 1 2 3 |  3.8
Evocations     | 1 2 3 |  3.8
Hexes          | 1 2 3 |  3.1
Charms         | 1 2 3 |  3.1
Necromancy     | 1 2 3 |  3.1
Transmutations | 1 2 3 |  3.1
Fire Magic     | 1 2 3 |  3.1
Ice Magic      | 1 2 3 |  3.1
Air Magic      | 1 2 3 |  3.1
Earth Magic    | 1 2 3 |  3.1
Poison Magic   | 1 2 3 |  3.1
Dodging        | 5 6 |  6.0
Stealth        | 5 |  5.7
Spellcasting   | 8 |  8.2

Action                   |  1- 3 |  4- 6 |  7- 9 || total
-------------------------+-------+-------+-------++-------
Melee: Dagger            |    11 |       |       ||    11
       Unarmed           |     6 |       |       ||     6
       Bite              |     1 |     3 |    10 ||    14
       Short sword       |    11 |    52 |   124 ||   187
       Kick              |       |     9 |     8 ||    17
       Punch             |       |     2 |     5 ||     7
Throw: Tomahawk          |       |     1 |     5 ||     6
 Cast: Magic Dart        |    52 |   105 |    65 ||   222
       Call Imp          |    20 |    30 |    62 ||   112
       Mephitic Cloud    |       |     2 |     9 ||    11
       Conjure Flame     |       |     3 |     2 ||     5
 Abil: Draw Destruction  |       |       |     1 ||     1
  Use: Scroll            |     3 |    10 |     4 ||    17
       Potion            |       |     7 |    12 ||    19
 Stab: Sleeping          |     1 |       |       ||     1
       Distracted        |       |       |     3 ||     3
       Confused          |       |       |     2 ||     2
  Eat: Chunk             |     1 |     7 |     2 ||    10
       Ration            |       |       |     2 ||     2
Armor: Robe              |     7 |     3 |       ||    10
       Leather armour    |       |    15 |    37 ||    52
       Skin              |       |       |    40 ||    40
Dodge: Dodged            |    29 |    49 |    96 ||   174

Table legend:
 A = Non-vault XP
 B = Vault XP
 C = Vault XP percentage of total XP
 D = Non-vault monster count
 E = Vault monster count
 F = Vault count percentage of total count
                 A         B        C        D         E       F
            +---------+---------+-------+---------+---------+-------
      Total |    2311 |     239 |   9.4 |     127 |      26 |  17.0
            +---------+---------+-------+---------+---------+-------
        D:1 |      41 |       6 |  12.8 |      18 |       4 |  18.2
        D:2 |      83 |      30 |  26.5 |      28 |      17 |  37.8
        D:3 |      54 |      49 |  47.6 |      15 |       2 |  11.8
        D:4 |     133 |     149 |  52.8 |      14 |       1 |   6.7
        D:5 |     668 |       5 |   0.7 |      22 |       2 |   8.3
        D:6 |     747 |       0 |   0.0 |      12 |       0 |   0.0
        D:7 |     544 |       0 |   0.0 |      17 |       0 |   0.0
        D:8 |      41 |       0 |   0.0 |       1 |       0 |   0.0
            +---------+---------+-------+---------+---------+-------
